 Dungeon Crawl Stone Soup version 0.25.0-45-g978344163c (webtiles) character file.

Game seed: 7578549526099074366

44 Ethylacetat the Shooter (level 3, 0/33 HPs)
             Began as a Naga Hunter on July 11, 2020.
             Slain by an orc priest
             ... wielding a +0 hand axe
              (3 damage)
             ... on level 3 of the Dungeon.
             The game lasted 00:05:27 (2703 turns).

Ethylacetat the Shooter (Naga Hunter)               Turns: 2703, Time: 00:05:27

Health: 0/33       AC:  2    Str: 15    XL:     3   Next: 62%
Magic:  5/5        EV:  9    Int: 11    God:
Gold:   126        SH:  0    Dex: 11    Spells: 4/4 levels left

rFire    . . .     SeeInvis +   b - +0 short sword
rCold    . . .     Gourm    .   (no shield)
rNeg     . . .     Faith    .   c - +0 leather armour
rPois    +         Spirit   .   (no helmet)
rElec    .         Reflect  .   (no cloak)
rCorr    .         Harm     .   (no gloves)
MR       .....                  (no barding)
Stlth    +.........             (no amulet)
HPRegen  0.11/turn              (no ring)
MPRegen  0.09/turn              (no ring)

@: short of breath, very slow
A: large, see invisible, deformed body, poison resistance, slowness 2, slow
metabolism 1, spit poison 1, AC +1
a: Spit Poison


You were on level 3 of the Dungeon.
You were not hungry.

You visited 1 branch of the dungeon, and saw 3 of its levels.

You collected 126 gold pieces.

Inventory:

Hand Weapons
 a - a +1 shortbow
 b - a +0 short sword (weapon)
Missiles
 d - 42 arrows
Armour
 c - a +0 leather armour (worn)
Jewellery
 g - an uncursed ring of ice {unknown}
 m - an uncursed ring of wizardry {unknown}
Scrolls
 e - 5 scrolls of identify {unknown}
 h - 2 scrolls of remove curse {unknown}
 i - 2 scrolls of amnesia {unknown}
 k - 2 scrolls of magic mapping {unknown}
 o - a scroll of enchant armour {unknown}
Potions
 j - a potion of cancellation {unknown}
 l - 2 potions of lignification {unknown}
 n - 2 potions of flight {unknown}
 p - a potion of curing
 q - a potion of magic {unknown}
Comestibles
 f - 7 rations
 r - 4 chunks of flesh


   Skills:
 + Level 2.7 Fighting
 + Level 4.0 Bows
 - Level 1.5 Dodging
 - Level 1.5 Stealth
 + Level 1.4 Spellcasting


You had 4 spell levels left.
You didn't know any spells.
Your spell library was empty.

Dungeon Overview and Level Annotations

Branches:
Dungeon (3/15)

Altars:
Dithmenos
Nemelex Xobeh


Innate Abilities, Weirdness & Mutations

You cannot wear boots.
Your serpentine skin is tough. (AC +1)
You have supernaturally acute eyesight. (SInv)
Armour fits poorly on your strangely shaped body.
Your system is resistant to poisons. (rPois)
You cover ground very slowly.
You have a slow metabolism.
You can spit poison.


Message History

Unknown command.
You hit the orc priest but do no damage.
The orc priest is moderately wounded.
The orc priest closely misses you.
You can't do that yet.
Unknown command.
You hit the orc priest.
The orc priest is heavily wounded.
You have got your breath back.
The orc priest closely misses you.
Press: ? - help, Shift-Dir - straight line, f/p - orc priest
Aim: an orc priest, wielding a +0 hand axe (heavily wounded)
The splash of poison misses the orc priest.
You feel slightly more hungry.
The orc priest hits you with a +0 hand axe.
* * * LOW HITPOINT WARNING * * *
You closely miss the orc priest.
The orc priest is heavily wounded.
The orc priest hits you with a +0 hand axe.
You die...

........>........#.##
.......#..#.........
.......#.........#.
.......#.o#..(..... ##
.................####.#
###+####..##...........
#######..##.##.......#
.............o<.......
########.#####@...##..
#..............
#.#####..####..
#.#####[.# #.......##
#.####### #.# #.# #.#


You could see an orc priest.

Vanquished Creatures
  An adder (D:2)
  A worm (D:1)
  2 orcs (D:2)
  6 bats
  2 hobgoblins (D:2)
  3 frilled lizards
  7 goblins
  3 kobolds
  7 rats
32 creatures vanquished.

Notes
Turn   | Place    | Note
-------+----------+-------------------------------------------
     0 | D:1      | Ethylacetat the Naga Hunter began the quest for the Orb.
     0 | D:1      | Reached XP level 1. HP: 19/19 MP: 1/1
   356 | D:1      | Reached XP level 2. HP: 22/26 MP: 2/2
   975 | D:2      | Reached skill level 1 in Spellcasting
  1273 | D:2      | Reached XP level 3. HP: 33/33 MP: 4/4
  1746 | D:2      | Reached skill level 4 in Bows
  2101 | D:2      | Found a shadowy altar of Dithmenos.
  2101 | D:2      | Found a sparkling altar of Nemelex Xobeh.
  2703 | D:3      | Slain by an orc priest

Illustrated notes

Levels and vault maps discovered:
D:1:      dpeg_arrival_castle, layout_basic, kennysheep_small_spiral
D:2:      layout_loops_ring, gammafunk_temple_overflow_statue, first_ration,
          minmay_hedge_maze, minmay_crystal_room, minmay_tromino_mix6
D:3:      gammafunk_wand_slinger, layout_basic, kennysheep_slug_shrine,
          minivault_19

Skill      XL: |  1  2  3 |
---------------+----------+-----
Spellcasting   | 1 |  1.4
Bows           | 4 |  4.0
Fighting       | |  2.7
Dodging        | |  1.5
Stealth        | |  1.5

Action                   || total
-------------------------++-------
Melee: Short sword       ||   110
       Shortbow          ||     3
 Fire: Shortbow          ||     6
 Abil: Spit Poison       ||    23
  Eat: Chunk             ||     5
Armor: Leather armour    ||    42
Dodge: Dodged            ||    72
